 Dungeon Crawl Stone Soup version 0.29.1-2-gbd0b4ee654 (webtiles) character file.

Game seed: 7070207873479300688

127 KittyFluff the Cudgeller (level 5, -4/49 HPs)
             Began as a Gargoyle Berserker on Oct 28, 2022.
             Was a Believer of Trog.
             Slain by a gnoll
             ... wielding a +0 spear
              (6 damage)
             ... on level 3 of the Dungeon.
             The game lasted 00:08:04 (2350 turns).

KittyFluff the Cudgeller (Gargoyle Berserker)       Turns: 2350, Time: 00:08:05

Health: -4/49      AC:  6    Str: 20    XL:     5   Next: 11%
Magic:  5/5        EV: 12    Int:  8    God:    Trog [**....]
Gold:   79         SH:  0    Dex: 11    Spells: 4/4 levels left

rFire   . . .      SeeInvis .   a - +0 mace
rCold   . . .      Faith    .   (no shield)
rNeg    + . .      Spirit   .   b - +0 animal skin
rPois   ∞          Reflect  .   (no helmet)
rElec   +          Harm     .   (no cloak)
rCorr   .          Rampage  .   (no gloves)
Will    .....                   (no boots)
Stlth   ..........              (no amulet)
HPRegen 0.16/turn               (no ring)
MPRegen 0.09/turn               (no ring)

@: berserking, very quick
A: sickness immunity, AC +4, negative energy resistance 1, electricity
resistance, torment resistance 1, petrification resistance
a: Renounce Religion, Berserk, Trog's Hand


You were on level 3 of the Dungeon.
You worshipped Trog.
Trog was pleased with you.
You visited 1 branch of the dungeon, and saw 3 of its levels.

You collected 79 gold pieces.

Inventory:

Hand Weapons
 a - a +0 mace (weapon)
Armour
 b - a +0 animal skin (worn)
 c - a +0 leather armour
Jewellery
 k - the ring of Nuept {Ice Int+4}
   (You found it on level 2 of the Dungeon)

   [ring of ice]

   It enhances your ice magic.
   Int:       It affects your intelligence (+4).
   rF:        It makes you vulnerable to fire.
   rC:        It protects you from cold.
Scrolls
 d - a scroll of amnesia {unknown}
 g - a scroll of vulnerability {unknown}
 h - 2 scrolls of teleportation {unknown}
 i - 2 scrolls of identify {unknown}
 j - 2 scrolls of enchant armour {unknown}
Potions
 e - a potion of flight {unknown}
 f - 2 potions of curing {unknown}
 l - a potion of magic {unknown}
 m - a potion of lignification {unknown}


   Skills:
 + Level 4.0 Fighting
 + Level 4.5 Maces & Flails
 + Level 2.3 Armour
 + Level 2.2 Dodging
 + Level 1.0 Stealth


You had 4 spell levels left.
You didn't know any spells.
Your spell library was empty.

Dungeon Overview and Level Annotations

Branches:
Dungeon (3/15)

Altars:

Shops:
D:1 !


Innate Abilities, Weirdness & Mutations

You are immune to sickness and miasma.
Your stone body is resilient. (AC +4)
You are immune to poison.
You resist negative energy. (rN+)
You are resistant to electric shocks. (rElec)
You are resistant to unholy torment.
You are immune to petrification.


Message History

The gnoll barely misses you.
You closely miss the gnoll. The gnoll hits you but does no damage.
You hit the gnoll but do no damage. The gnoll closely misses you.
You hit the gnoll but do no damage. The gnoll hits you with a +0 club.
You hit the gnoll but do no damage. The gnoll hits you with a +0 club.
You hit the gnoll.
The gnoll is lightly wounded.
The gnoll closely misses you.
You sock the gnoll!
The gnoll is severely wounded.
The gnoll barely misses you. x2
You hit the gnoll.
You kill the gnoll!
Trog accepts your kill.
You have reached level 5!
You hit the gnoll but do no damage. The gnoll hits you with a +0 flail!
* * * LOW HITPOINT WARNING * * *
A red film seems to cover your vision as you go berserk!
You feel yourself moving faster!
You feel mighty! The gnoll barely misses you.
The gnoll hits you with a +0 flail.
* * * LOW HITPOINT WARNING * * *
You barely miss the gnoll. The gnoll barely misses you.
The gnoll closely misses you.
You thump the gnoll!
The gnoll is severely wounded.
The gnoll hits you from afar with a +0 spear.
* * * LOW HITPOINT WARNING * * *
The gnoll hits you with a +0 flail.
* * * LOW HITPOINT WARNING * * *
You sock the gnoll!
You kill the gnoll!
Trog accepts your kill.
Your Stealth skill increases to level 1!
The gnoll closely misses you.
Items here: ))) †.
You hit the gnoll but do no damage. The gnoll barely misses you.
You hit the gnoll.
The gnoll is heavily wounded.
The gnoll hits you with a +0 spear.
You die...

#.#
...
#.#
#.#
#.#
#.#
#g#
#@#
#<#
#.#
#†#
#.#
#..
####


You could see a gnoll.

Vanquished Creatures
  3 gnolls (D:3)
  4 adders
  A worm (D:2)
  A dart slug (D:1)
  4 ball pythons
  5 bats
  6 endoplasms
  2 giant cockroaches
  7 goblins
  8 hobgoblins
  2 jackals (D:2)
  2 quokkas
  A frilled lizard (D:1)
  7 kobolds
  3 rats
56 creatures vanquished.

Vanquished Creatures (others)
  A plant (D:2)
1 creature vanquished.

Grand Total: 57 creatures vanquished

Notes
Turn   | Place    | Note
-------+----------+-------------------------------------------
     0 | D:1      | KittyFluff the Gargoyle Berserker began the quest for the
                  | Orb.
     0 | D:1      | Reached XP level 1. HP: 14/14 MP: 1/1
   278 | D:1      | Reached XP level 2. HP: 16/19 MP: 2/2
   351 | D:1      | Found Moast's Distillery.
   709 | D:1      | Reached XP level 3. HP: 24/24 MP: 3/3
   772 | D:1      | Reached ** piety under Trog
  1104 | D:2      | Identified the ring of Nuept {Ice Int+4}
  1420 | D:2      | Reached XP level 4. HP: 23/29 MP: 4/4
  1731 | D:2      | Found a faded altar of an unknown god.
  2343 | D:3      | Reached XP level 5. HP: 16/33 MP: 5/5
  2346 | D:3      | HP: 2/49 [gnoll/+0 flail (5)]
  2348 | D:3      | Reached skill level 1 in Stealth
  2350 | D:3      | Slain by a gnoll

Illustrated notes

Levels and vault maps discovered:
D:1:      dpeg_arrival_central, layout_basic, serial_shops, shop_fountains,
          minmay_door_square
D:2:      layout_rooms, dreamdust_ecumenical_altar_hidden_monk_grotto
D:3:      layout_loops_ring, st_stairs_6

Skill      XL: |  1  2  3  4  5 |
---------------+----------------+-----
Dodging        | 2 |  2.2
Maces & Flails | 4 |  4.5
Fighting       | 4 |  4.0
Stealth        | 1 |  1.0
Armour         | |  2.3

Action                   |  1- 3 |  4- 6 || total
-------------------------+-------+-------++-------
Melee: Mace              |    99 |    66 ||   165
       Punch             |     2 |     1 ||     3
Invok: Berserk           |       |     2 ||     2
Armor: Animal skin       |    46 |    13 ||    59
Dodge: Dodged            |    65 |    43 ||   108
